 Dungeon Crawl Stone Soup version 0.30-a0-341-g682706514a (webtiles) character file.

Game seed: 11758073476032157627

269 NinjaNoafa the Ducker (level 6, 0/46 HPs)
             Began as a Merfolk Gladiator on Nov 1, 2022.
             Slain by Crazy Yiuf
             ... wielding a +3 quarterstaff of chaos
              (12 damage)
             ... on level 4 of the Dungeon.
             The game lasted 00:05:29 (2361 turns).

NinjaNoafa the Ducker (Merfolk Gladiator)           Turns: 2361, Time: 00:05:30

Health: 0/46       AC:  5    Str: 14    XL:     6   Next: 22%
Magic:  6/6        EV: 15    Int:  7    God:
Gold:   167        SH:  0    Dex: 24    Spells: 5/5 levels left

rFire   . . .      SeeInvis .    a - +0 rapier
rCold   . . .      Faith    .    (no shield)
rNeg    . . .      Spirit   .    p - +1 leather armour {rPois}
rPois   +          Reflect  .    c - +0 helmet
rElec   .          Harm     .    (no cloak)
rCorr   .          Rampage  .    (no gloves)
Will    .....                    (no boots)
Stlth   +++.......               (no amulet)
HPRegen 0.27/turn                l - +6 ring of dexterity
MPRegen 0.10/turn                (no ring)

@: no status effects
A: (nimble swimmer 2), mertail
a: no special abilities


You were on level 4 of the Dungeon.
You visited 1 branch of the dungeon, and saw 4 of its levels.

You collected 167 gold pieces.

Inventory:

Hand Weapons
 a - a +0 rapier (weapon)
Missiles
 d - 2 throwing nets
 f - 25 stones
 k - a poisoned dart (quivered)
Armour
 c - a +0 helmet (worn)
 p - a +1 leather armour of poison resistance (worn)
Jewellery
 l - a +6 ring of dexterity (left hand)
Scrolls
 e - a scroll of immolation {unknown}
 g - a scroll of identify
 h - 2 scrolls of summoning {unknown}
 q - a scroll of butterflies {unknown}
 s - a scroll of poison {unknown}
Potions
 b - a potion of brilliance
 i - a potion of invisibility
 j - 2 potions of curing
 m - a potion of lignification {unknown}
 o - a potion of might {unknown}
 r - a potion of flight {unknown}


   Skills:
 + Level 2.5 Fighting
 - Level 5.0 Short Blades
 * Level 2.5 Throwing
 - Level 5.0 Dodging
 - Level 5.0 Stealth


You had 5 spell levels left.
You didn't know any spells.
Your spell library was empty.

Dungeon Overview and Level Annotations

Branches:
Dungeon (4/15)
 Temple: D:4-7

Altars:
Okawaru

Annotations:
D:4 1 runed translucent door, Crazy Yiuf, Robin


Innate Abilities, Weirdness & Mutations

((You are very nimble when in or above water. (Stealth+, EV+, Speed+++)))
Your lower body shifts to a powerful aquatic tail in water.


Message History

The goblin closely misses you. The goblin attacks as you move away!
The goblin closely misses you. The goblin attacks as you move away!
The goblin hits you with a +0 club.
Found 18 gold pieces.
As you read the scroll of teleportation, it crumbles to dust.
You feel strangely unstable. The goblin closely misses you.
Robin says, "Feeling lonely?"
You see here 14 gold pieces.
As you read the scroll labelled MUARHU QILEV, it crumbles to dust.
It is a scroll of identify.
j - 3 potions of curing The adder barely misses you.
The goblin hits you with a +0 club.
As you read the scroll of identify, it crumbles to dust.
b - a potion of brilliance Your surroundings suddenly seem different.
As you read the scroll of identify, it crumbles to dust.
i - a potion of invisibility The hobgoblin no longer looks unusually strong. x2
The hobgoblin hits you. The iguana bites you! Robin barely misses you.
As you read the scroll of teleportation, it crumbles to dust.
You feel strangely unstable. The iguana barely misses you.
Robin closely misses you. The iguana bites you.
The hobgoblin completely misses you.
The hobgoblin no longer looks unusually strong.
The iguana bites you.
* * * LOW HITPOINT WARNING * * *
The hobgoblin barely misses you. Robin throws the goblin at you!
* * * LOW HITPOINT WARNING * * *
The iguana attacks as you move away! The iguana barely misses you.
The iguana attacks as you move away! The iguana bites you!
* * * LOW HITPOINT WARNING * * *
Your surroundings suddenly seem different.
Crazy Yiuf the Enlightened comes into view.
He is wielding a +3 quarterstaff of chaos.
Found a hammer.
Found a runed translucent door.
Crazy Yiuf shouts!
Crazy Yiuf barely misses you.
You feel better. Crazy Yiuf closely misses you.
You closely miss Crazy Yiuf.
Crazy Yiuf hits you with a +3 quarterstaff of chaos!
You die...

........
#####
#...#♣..♣
#g@.+.♣
#)..#♣♣
#####


You could see Crazy Yiuf.

Vanquished Creatures
  A hound (D:4)
  3 orc priests (D:3)
  An iguana (D:4)
  An orc wizard (D:3)
  3 adders
  2 worms
  3 dart slugs (D:1)
  7 orcs
  2 endoplasms (D:1)
  2 giant cockroaches
  5 hobgoblins
  5 kobolds
  4 quokkas
  3 ball pythons
  5 bats
  2 frilled lizards
  7 goblins
  5 rats
61 creatures vanquished.

Notes
Turn   | Place    | Note
-------+----------+-------------------------------------------
     0 | D:1      | NinjaNoafa the Merfolk Gladiator began the quest for the
                  | Orb.
     0 | D:1      | Reached XP level 1. HP: 16/16 MP: 1/1
   127 | D:1      | Reached skill level 1 in Stealth
   158 | D:1      | Reached XP level 2. HP: 22/22 MP: 2/2
   324 | D:1      | Found a faded altar of an unknown god.
   516 | D:1      | Reached XP level 3. HP: 18/27 MP: 3/3
   841 | D:2      | Reached skill level 5 in Dodging
  1129 | D:2      | Reached XP level 4. HP: 31/33 MP: 4/4
  1252 | D:2      | Found an iron altar of Okawaru.
  1477 | D:3      | Reached XP level 5. HP: 35/38 MP: 5/5
  1483 | D:3      | Reached skill level 5 in Stealth
  2131 | D:4      | Reached skill level 5 in Short Blades
  2131 | D:4      | Reached XP level 6. HP: 44/44 MP: 6/6
  2341 | D:4      | Noticed Robin
  2358 | D:4      | HP: 2/46 [iguana (7)]
  2358 | D:4      | Found a runed translucent door.
  2358 | D:4      | Noticed Crazy Yiuf
  2361 | D:4      | Slain by Crazy Yiuf

Illustrated notes

Levels and vault maps discovered:
D:1:      dpeg_arrival_arbitrary_b, layout_loops_cross,
          shapermc_ecumenical_altar_venn
D:2:      layout_loops_cross, basic_altar, minmay_tetromino_i4
D:3:      layout_loops_ring
D:4:      minmay_clustersquares, layout_rooms, lemuel_coloured_pillars_altar,
          trog_hazing_becter, uniq_robin, uniq_crazy_yiuf_cottage

Skill      XL: |  1  2  3  4  5 |
---------------+----------------+-----
Stealth        | 1 2 3 4 5 |  5.0
Dodging        | 5 |  5.0
Short Blades   | 5 |  5.0
Fighting       | |  2.5
Throwing       | |  2.5

Action                   |  1- 3 |  4- 6 || total
-------------------------+-------+-------++-------
Melee: Rapier            |    76 |    94 ||   170
Throw: Javelin           |    15 |       ||    15
       Throwing net      |     1 |       ||     1
       Dart              |     2 |     4 ||     6
  Use: Scroll            |       |     6 ||     6
       Potion            |       |     1 ||     1
 Stab: Sleeping          |       |     6 ||     6
Armor: Leather armour    |    13 |    18 ||    31
Dodge: Dodged            |    70 |    64 ||   134

Table legend: (Time is in decaauts)
 A = Elapsed time spent in this place.
 B = Non-inter-level travel time spent in this place.
 C = Inter-level travel time spent in this place.
 D = Time resting spent in this place.
 E = Time spent auto-exploring this place.
 F = Levels seen in this place.
 G = Mean time per level.
                   A        B        C        D        E       F      G
               +--------+--------+--------+--------+--------+-----+--------+
         Total |   2365 |   2269 |     96 |      0 |   1813 |   4 |  591.2 |
       Dungeon |   2365 |   2269 |     96 |      0 |   1813 |   4 |  591.2 |
               +--------+--------+--------+--------+--------+-----+--------+

Top non-repeatable levels by time:
     D:3: 902 daAuts
     D:2: 706 daAuts
     D:1: 646 daAuts
     D:4: 109 daAuts
